 Dungeon Crawl Stone Soup version 0.17-a0-1368-g6ab37f2 (webtiles) character file.

269 Volodja the Spear-Bearer (level 6, 0/44 HPs)
             Began as a Merfolk Gladiator on June 12, 2015.
             Was a Follower of Fedhas.
             Succumbed to Zebura's ghost's sting
             ... on level 3 of the Dungeon.
             The game lasted 00:06:55 (2482 turns).

Volodja the Spear-Bearer (Merfolk Gladiator)        Turns: 2482, Time: 00:06:55

Health: 0/44       AC:  4    Str: 20    XL:     6   Next: 22%
Magic:  6/6        EV: 14    Int: 12    God:    Fedhas [*.....]
Gold:   68         SH:  0    Dex: 17    Spells: 0 memorised, 5 levels left

rFire  . . .     SeeInvis .     a - +0 trident
rCold  . . .     Clarity  .     b - +0 leather armour
rNeg   . . .     SustAt   .     (no shield)
rPois  .         Gourm    .     c - +0 helmet
rElec  .         Spirit   .     (no cloak)
rCorr  .         Warding  .     (no gloves)
rMut   .         Stasis   .     (no boots)
MR     .....                    (no amulet)
Stlth  +.........               (no ring)
                                (no ring)

@: mighty, brilliant, lethally poisoned (0 -> -2), flying, not resistant to
hostile enchantments, very unstealthy
A: change form in water, swift swim
a: Evolution, Renounce Religion


You were on level 3 of the Dungeon.
You worshipped Fedhas.
Fedhas was aware of your devotion.
You were not hungry.

You visited 1 branch of the dungeon, and saw 3 of its levels.

You collected 68 gold pieces.

Inventory:

Hand weapons
 a - a +0 trident (weapon)
Missiles
 d - 3 throwing nets (quivered)
 r - 12 poisoned needles
Armour
 b - a +0 leather armour (worn)
 c - a +0 helmet (worn)
Jewellery
 j - a +4 ring of dexterity {unknown}
Scrolls
 f - a scroll of enchant armour {unknown}
 g - 3 scrolls of identify {unknown}
 k - 3 scrolls of remove curse {unknown}
 l - 2 scrolls of random uselessness {unknown}
 m - a scroll of fog {unknown}
 n - a scroll of fear {unknown}
 o - a scroll of enchant weapon {unknown}
 p - a scroll of immolation {unknown}
 w - a scroll of magic mapping {unknown}
Comestibles
 e - a bread ration
 i - 7 fruits
 u - 3 slices of pizza
 v - 5 chunks of flesh
 z - 3 meat rations
 A - a beef jerky


   Skills:
 - Level 2.1 Fighting
 + Level 9.7 Polearms
 - Level 2.0 Throwing
 - Level 4.0 Dodging


You had 5 spell levels left.
You didn't know any spells.

Dungeon Overview and Level Annotations

Branches:
Dungeon (3/15)

Altars:
Fedhas
Qazlal


Message History

It was a potion of brilliance.
You feel clever all of a sudden.
Drink which item? (? for menu, Esc to quit)
It was a potion of might.
You feel very mighty all of a sudden.
* * * LOW HITPOINT WARNING * * *
You feel sick.
There is a faded altar to an unknown god here.
This altar will convert you to a god.
You cannot discern which.
Do you pray?
Okay, then.
This altar will convert you to a god.
You cannot discern which.
Do you pray? Fedhas accepts your prayer! Fedhas welcomes you!
You can now call upon Fedhas to speed up the decay of corpses.
The plants of the dungeon cease their hostilities.
You can now induce evolution.
Use which ability? (? or * to list) No evolvable flora in sight.
You die...
Fedhas appreciates your contribution to the ecosystem.

#...######..##
###........##
#........### #
..######..# ###. ##.##
### ....###### #..# #..
........)#### ##.###..
............#######...#..
.[......@#...............
........#_#..########....
###!...)#..## ###..
###..$...# #.. ########
#.. #.. #.. ###


There were no monsters in sight!

Vanquished Creatures
  The ghost of Zebura the Ruffian, an average TrVM of Qazlal (D:3)
  A giant frog (D:3)
  An adder (D:2)
  3 gnolls (D:2)
  5 worms
  2 giant geckos (D:1)
  6 bats
  3 giant cockroaches
  6 goblins
  10 hobgoblins
  7 jackals
  4 kobolds
  4 ball pythons
  7 giant newts
  10 rats
70 creatures vanquished.

Notes
Turn   | Place    | Note
--------------------------------------------------------------
     0 | D:1      | Volodja the Merfolk Gladiator began the quest for the Orb.
     0 | D:1      | Reached XP level 1. HP: 16/16 MP: 1/1
    46 | D:1      | Reached skill level 5 in Polearms
    91 | D:1      | Reached XP level 2. HP: 9/22 MP: 2/2
   563 | D:1      | Reached skill level 6 in Polearms
   563 | D:1      | Reached XP level 3. HP: 22/27 MP: 3/3
  1117 | D:2      | Reached skill level 7 in Polearms
  1117 | D:2      | Reached XP level 4. HP: 22/33 MP: 4/4
  2012 | D:3      | Noticed a giant frog
  2023 | D:3      | Killed a giant frog
  2023 | D:3      | Reached skill level 8 in Polearms
  2023 | D:3      | Reached XP level 5. HP: 19/38 MP: 5/5
  2275 | D:3      | Found a stormy altar of Qazlal.
  2431 | D:3      | Found a faded altar to an unknown god.
  2440 | D:3      | Noticed Zebura's ghost (average TrVM)
  2475 | D:3      | Killed Zebura's ghost
  2475 | D:3      | Reached skill level 9 in Polearms
  2475 | D:3      | Reached XP level 6. HP: 2/44 MP: 6/6
  2476 | D:3      | HP: 2/44 [poisoned by Zebura's ghost (sting)]
  2481 | D:3      | Became a worshipper of Fedhas Madash
  2481 | D:3      | Acquired Fedhas's first power
  2482 | D:3      | Succumbed to Zebura's ghost's sting

Vault maps used:
D:1:      dpeg_arrival_pits, minmay_cut_off
D:2:      corexii_leaking_fountain, supply_closet_lemuel, item_on_display_b
D:3:      ecumenical_altar_1, moated_statue, grunt_qazlal_sundering

Action                   |  1- 3 |  4- 6 || total
-------------------------+-------+-------++-------
Melee: Trident           |   152 |   142 ||   294
  Use: Potion            |       |     7 ||     7
 Stab: Sleeping          |     2 |       ||     2
  Eat: Chunk             |     1 |     4 ||     5
